AoeStats
← Big Tasty

Arena

511159240Analyzed
2v2 RM · 14d ago on Oct 4, 2026· 56m 18s· 4 players
Game mode
Random Map
Map size
Medium (4 player)
Population
200
Speed
Normal
Resources
Standard
Victory
Conquest
Starting age
Dark Age
Ending age
Imperial Age
RankedLock teamsTeams togetherTeam positionsShared explorationLock speedFull tech treeHidden civsTurbo modeCheats
Victory
Defeat
🇨🇱 Bohemians · Chile
632
+15
🇨🇱 Varangians · Chile
632
+16
vs
🇺🇸 Teutons · United States
632
-16
🇧🇷 Dravidians · Brazil
616
-15
Big Tasty
11:07 Feudal Age
13:04 Wheelbarrow
12:19 Double-Bit Axe
12:18 Horse Collar
13:45 Gold Mining
14:44 Loom
16:07 Stone Mining
21:06 Castle Age
22:52 Hand Cart
22:51 Bow Saw
22:44 Heavy Plow
24:44 Stone Shaft Mining
25:28 Pikeman
27:04 Arson
27:20 Squires
27:23 Scale Mail Armor
27:23 Padded Archer Armor
29:16 Caravan
29:25 Scale Barding Armor
29:36 Bloodlines
29:28 Town Watch
34:10 Imperial Age
33:47 Town Patrol
35:12 Coinage
35:00 Chain Mail Armor
35:40 Crenellations
36:10 Cavalier
38:53 Ironclad
40:51 Chemistry
40:11 Ballistics
40:03 Fortified Wall
40:17 Chain Barding Armor
40:08 Forging
39:49 Fletching
41:06 Paladin
42:27 Halberdier
henriquetsevero
0:33 Loom
12:28 Feudal Age
14:00 Wheelbarrow
13:12 Town Watch
13:09 Horse Collar
13:16 Double-Bit Axe
17:18 Gold Mining
17:19 Stone Mining
23:03 Castle Age
23:46 Heavy Plow
24:05 Hand Cart
28:28 Bow Saw
28:57 Pikeman
32:17 Imperial Age
30:26 Ballistics
30:53 Pikeman
31:37 Squires
31:24 Gambesons
34:08 Chemistry
33:25 Masonry
33:15 Murder Holes
36:50 Conscription
36:13 Heavy Scorpion
38:41 Two-Man Saw
40:56 Guilds
42:39 Coinage
42:09 Caravan
44:56 Wootz Steel
44:36 Elite Skirmisher
52:23 Halberdier
Bufon
10:10 Feudal Age
10:38 Double-Bit Axe
11:34 Horse Collar
15:04 Padded Archer Armor
19:21 Castle Age
20:22 Bow Saw
20:16 Heavy Plow
23:23 Wheelbarrow
27:36 Chemistry
27:56 Leather Archer Armor
30:57 Ballistics
31:12 Fletching
31:37 Forging
31:28 Scale Mail Armor
32:03 Hand Cart
32:20 Bodkin Arrow
33:34 Wagenburg Tactics
33:13 Pikeman
33:53 Squires
39:31 Imperial Age
40:39 Iron Casting
40:03 Capped Ram
41:09 Siege Engineers
42:09 Halberdier
44:44 Elite Hussite Wagon
45:47 Conscription
48:42 Houfnice
52:18 Two-Man Saw
51:09 Town Watch
51:28 Bracer
52:30 Blast Furnace
54:59 Bombard Tower
55:53 Guard Tower
55:50 Arrowslits
SAMURAI
9:03 Loom
12:31 Feudal Age
13:49 Double-Bit Axe
16:22 Wheelbarrow
17:49 Forging
17:12 Man-at-Arms
17:41 Arson
20:30 Castle Age
19:49 Scale Mail Armor
19:36 Horse Collar
20:13 Gold Mining
20:34 Pikeman
22:47 Squires
22:35 Gambesons
23:43 Scale Barding Armor
23:55 Bow Saw
23:26 Long Swordsman
26:36 Heavy Plow
27:08 Fervor
27:54 Stone Mining
31:22 Fortified Wall
32:02 Husbandry
32:13 Bloodlines
31:25 Light Cavalry
33:39 Hand Cart
33:12 Town Watch
34:00 Ballistics
38:35 Town Patrol
39:16 Stone Shaft Mining
45:56 Imperial Age
43:44 Chain Mail Armor
46:26 Iron Casting
46:12 Chain Barding Armor
46:09 Vendel Legacy
47:07 Halberdier
47:12 Capped Ram
47:32 Hussar
49:43 Chemistry
50:08 Blast Furnace
49:43 Cavalier
51:47 Elite Varangian Guard
Connection lost

Rejoining the realm…

Still unreachable

The connection could not be restored.

Session expired

The server has moved on; the page needs a fresh start.